← All builds
Beach sea / Cortex / Economy first / OBSERVED BUILD

Standard beach sea

Cortex Beach sea build order · Supreme Isthmus

The role's usual play: com goes to sea to build a shipyard around 2 minutes, pumping frigates and destroyers to contest enemy sea entry or hold vision, with an advanced metal extractor around 10 minutes as the transition into the team's…

Usually shipyard first (94%)

#naval #eco · 825 distinct matches · 110 players · 84% of Cortex Beach sea games · team won 54% of 892 · Recently observed

HOW TO PLAY IT

Key timing: Shipyard by 1:57

  1. Open 3 mex and wind while com heads straight to sea.
  2. Drop Shipyard fast, before 2:00, to seize early sea presence.
  3. Push "frigate" out to contest enemy sea entry or hold vision.
  4. Add "destroyer" as the fleet grows.
  5. Transition into Advanced Metal Extractor to catch up on eco.

Phase by phase

TYPICAL OF ITS 825 GAMES
  1. 1
  2. 2
  3. 3
PLAY THE OPENING

Follow the example game's first 6:00 step by step: what to build now, what comes next, and where it goes. At 1× it keeps pace with your own game.

  1. 1

    Up to the Shipyard

    Economy
    • Metal Extractor3Mex
    • Wind Turbine3Windfor allies
    • Wind Turbine2Wind
    • Energy Storage1Energy storage
    Order
    1. ShipyardShipyard after 3 mex, 2 wind, 1 energy storagedone ~1:57, middle half 1:44–2:08

    By 1:40 in all: 3 mex · 2 wind · 1 energy storage

    The example game in this phase · 12 steps
    1. Mex ×3
    2. Windfor Air
    3. Wind ×2
    4. Windfor Air
    5. Bot LabBot Labdone 1:10
    6. Wind
    7. GraverobberGraverobber ×2
    8. Construction BotCon bot
    9. Wind
    10. Construction BotCon bot ×2
    11. GruntGrunt
    12. ShipyardShipyarddone 2:41 · typical 1:57
  2. 2

    Shipyard to 5:00

    Economy
    • Metal Extractor5Mex
    • Tidal Generator2Tidal
    Builders
    • Construction Ship2 Con ship
    Army
    • Riptide2 Frigate
    • Herring1 Missile corvette
    • Oppressor1 Destroyer
    Other
    • Naval Radar / Sonar Tower1 Naval Radar / Sonar Tower

    Some games also: Urchin (44%) · wind (40%) · submarine (39%) · gunboat (36%) · con turret (35%)

    By 5:00 in all: 8 mex · 3 wind · 2 tidal · 1 energy storage

    The example game in this phase · 16 steps
    1. Mex
    2. Construction ShipCon ship ×2
    3. Mex
    4. HerringMissile corvette
    5. JellyfishJellyfish
    6. RiptideFrigatedone 3:34 · typical 3:52
    7. Mex
    8. RiptideFrigate
    9. Mex
    10. OrcaSubmarinedone 4:29
    11. Wind ×3
    12. Mex
    13. UrchinUrchin
    14. Radar TowerRadar Tower
    15. ShipyardShipyardnot finished by 15:00
    16. GuardGuard
  3. 3

    5:00 to 10:00

    Economy
    • Metal Extractor1Mex
    • Wind Turbine10Wind
    Builders
    • Death Cavalry1 Death Cavalry
    • Construction Ship1 Con ship
    Army
    • Urchin1 Urchin
    • Riptide5 Frigate
    • Oppressor2 Destroyer
    • Herring2 Missile corvette
    Other
    • Naval Radar / Sonar Tower1 Naval Radar / Sonar Tower

    Some games also: Naval Construction Turret (48%) · Guard (47%) · Radar Tower (41%) · tidal (39%) · con turret (34%)

    By 10:00 in all: 9 mex · 12 wind · 4 wind · 4 tidal · 1 energy storage · 1 Naval Construction Turret

    The example game in this phase · 72 steps
    1. OppressorDestroyerdone 5:53 · typical 5:11
    2. Mex
    3. RiptideFrigate
    4. Mex
    5. RiptideFrigate ×2
    6. Con turret
    7. Death CavalryDeath Cavalry
    8. HerringMissile corvette
    9. Wind
    10. Mex
    11. OppressorDestroyer
    12. Wind ×4
    13. Death CavalryDeath Cavalry
    14. Wind
    15. Con turret
    16. Advanced Metal ExtractorT2 mexdone 10:07 · typical 9:58
    17. Wind
    18. Energy storage
    19. Wind
    20. Construction ShipCon ship
    21. Wind ×2
    22. Construction ShipCon ship
    23. Wind ×2
    24. HerringMissile corvette
    25. Wind
    26. Tidal
    27. OppressorDestroyer
    28. Wind ×2
    29. Advanced Metal ExtractorT2 mex
    30. Tidal
    31. Wind
    32. Tidal
    33. Wind
    34. Tidal
    35. Wind
    36. Advanced Metal ExtractorT2 mex
    37. OppressorDestroyer
    38. Wind
    39. Tidal
    40. Wind
    41. Tidal
    42. Wind
    43. Tidal
    44. Wind
    45. OppressorDestroyer
    46. Wind
    47. Tidal
    48. Wind
    49. Advanced Metal ExtractorT2 mex
    50. Tidal
    51. Wind
    52. Death CavalryDeath Cavalry
    53. Wind ×2
    54. Tidal
    55. Wind ×2
    56. Naval Construction Turret ×2
    57. Wind
    58. HerringMissile corvette
    59. Wind
    60. Con turret
    61. OppressorDestroyer
    62. Wind ×5
    63. OppressorDestroyer
    64. Wind ×3
    65. UrchinUrchin
    66. OppressorDestroyer
    67. Wind
    68. UrchinUrchin
    69. Naval Construction Turret
    70. Wind ×3
    71. Death CavalryDeath Cavalry
    72. Wind

Counts are medians over the build's games: half of them build more, half fewer. The example game is avaken's (43 OS, 09/08/2026); pick another.

Team trades

IN AT LEAST 30% OF ITS GAMES

You hand over

  • Wind Turbine3 Wind to Airfirst at 1:52 · in 78% of games

You get

  • Finch1 Finch from Airfirst at 1:58 · in 83% of games
  • Lazarus1 Lazarus from Geofirst at 2:13 · in 61% of games
  • Hephaestus1 Heavy transport from Airfirst at 2:16 · in 68% of games
  • Construction Bot1 Con bot from Geofirst at 2:28 · in 69% of games
  • Hercules1 Light transport from Airfirst at 2:35 · in 32% of games
  • Advanced Construction Bot1 T2 con bot from Techfirst at 8:09 · in 88% of games

How it plays out

Typical game of this build, running totals by minute

Metal produced

010k20k30k
0:005:0010:0015:00

metal

Enemy metal destroyed

05k10k
0:005:0010:0015:00

metal

Own metal lost

02.5k5k7.5k
0:005:0010:0015:00

metal

892 games.

Show as table
ByMetal produced: This buildEnemy metal destroyed: This buildOwn metal lost: This build
1:0040300
2:0093700
3:00156900
4:0025322150
5:003702197100
6:005028539254
7:0064751094590
8:00805918301030
9:00967428311593
10:001157339532337
11:001378351733061
12:001632161573805
13:001909171674590
14:002187982255701
15:002490392216529
WHAT THE NUMBERS SAY

Standard Beach sea wins more than Geo sea's 50% and gets its Shipyard up faster, using early sea access before falling behind on land resources.

  • + Shipyard finishes by 1:57, faster than Geo sea's 3:18
  • + 54% team win rate beats the Cortex geo sea baseline
  • − Metal produced trails Geo sea's Cortex build, 24356 vs 28451 by 15:00
  • − T2 factory only lands in 35% of games by 12:42
THE EXAMPLE YOU ARE READING

avaken

42.7 OS · 09/08/2026

Open source match ↗

4 received units · includes a constructor
181 metal received · 13855 energy received

Allied construction assistance is unknown. Timings are observations, not a promise of solo reproducibility.

Typical milestones

Shipyard1:57Middle 50%: 1:44–2:08 · n=890
Riptide3:52Middle 50%: 3:15–4:34 · n=877
Oppressor5:11Middle 50%: 4:17–6:08 · n=861
Advanced Metal Extractor9:58Middle 50%: 9:17–10:53 · n=755

Played most by

EpicTyrannus86games of this buildDamsko67games of this buildWaboum64games of this buildPRO_HYDRA60games of this buildMrCoolPotato51games of this build